 Dungeon Crawl Stone Soup version 0.18.1-50-g88ac8fd (webtiles) character file.

41 Monsterface the Stinger (level 3, -3/19 HPs)
             Began as a Gargoyle Venom Mage on Sept 16, 2016.
             Killed by nerve-wracking pain
             ... invoked by Jessica
              (11 damage)
             ... on level 2 of the Dungeon.
             The game lasted 00:08:35 (709 turns).

Monsterface the Stinger (Gargoyle Venom Mage)        Turns: 709, Time: 00:08:36

Health: -3/19      AC:  6    Str: 11    XL:     3   Next: 52%
Magic:  2/6        EV: 12    Int: 18    God:
Gold:   59         SH:  0    Dex: 11    Spells: 2 memorised, 2 levels left

rFire  . . .     SeeInvis .     g - +0 club
rCold  . . .     Gourm    .     a - +1 robe
rNeg   + . .     Faith    .     (no shield)
rPois  ∞         Spirit   .     (no helmet)
rElec  +         Dismiss  .     (no cloak)
rCorr  .         Reflect  .     (no gloves)
SustAt .         Harm     .     (no boots)
MR     .....                    (no amulet)
Stlth  ++........               (no ring)
                                e - +3 ring of intelligence

@: not resistant to hostile enchantments, unstealthy
A: negative energy resistance 1, electricity resistance, unbreathing,
petrification resistance, rot immunity, AC +3
a: no special abilities


You were on level 2 of the Dungeon.
You were not hungry.

You visited 1 branch of the dungeon, and saw 2 of its levels.

You collected 59 gold pieces.

Inventory:

Hand Weapons
 g - a +0 club (weapon)
 i - a +0 spear
Missiles
 f - 3 tomahawks (quivered)
Armour
 a - a +1 robe (worn)
Jewellery
 e - a +3 ring of intelligence (left hand)
 m - an uncursed ring of magical power {unknown}
Scrolls
 h - a scroll of amnesia {unknown}
 k - a scroll of fear {unknown}
 l - a scroll of enchant armour
Potions
 n - a potion of cancellation
 o - a potion of curing {unknown}
Books
 b - a Young Poisoner's Handbook

   Spells                             Type                      Level
   a - Sting                          Conjuration/Poison           1
   b - Cure Poison                    Poison                       2
   c - Mephitic Cloud                 Conjuration/Poison/Air       3
   d - Olgreb's Toxic Radiance        Poison                       4
   e - Venom Bolt                     Conjuration/Poison           5
Comestibles
 c - a bread ration
 d - a meat ration
 j - 3 fruits
 p - a beef jerky


   Skills:
 + Level 0.2 Fighting
 + Level 0.4 Maces & Flails
 + Level 2.1 Dodging
 + Level 2.3 Stealth
 + Level 0.6 Unarmed Combat
 + Level 2.1 Spellcasting
 + Level 0.4 Conjurations
 + Level 4.4 Poison Magic


You had 2 spell levels left.
You knew the following spells:

 Your Spells              Type           Power        Failure   Level  Hunger
a - Sting                 Conj/Pois      ##..         10%         1    #......
b - Mephitic Cloud        Conj/Pois/Air  #.......     30%         3    ###....


Dungeon Overview and Level Annotations

Branches:
Dungeon (2/15)

Altars:
Nemelex Xobeh

Annotations:
D:2 Jessica


Innate Abilities, Weirdness & Mutations

You are resistant to torment.
Your stone body is resilient (AC +3).
You are immune to poison.
You resist negative energy.
You are resistant to electric shocks.
You can survive without breathing.
You are immune to petrification.
You are immune to rotting.


Message History

The adder is almost dead.
The adder barely misses you.
Drink which item? (? for menu, Esc to quit)
It was a potion of cancellation.
You feel magically purged. The adder closely misses you.
The adder bites you but does no damage.
You barely miss the adder.
The adder is almost dead.
The adder bites you but does no damage. The adder bites you.
Casting: Sting
Confirm with . or Enter, or press ? or * to list all spells.
Aiming: Sting
Press: ? - help, Shift-Dir - straight line, f/p - Jessica
Aim: Jessica, wearing a robe (unusually agile)
The sting hits the adder.
The adder is poisoned.
You kill the adder!
Jessica points at you and mumbles some strange words.
Pain shoots through your body!
Ouch! That really hurt!
You die...

##### #...# .... #.... ....
#... ...(. #...
.....#####.###
.............#####
......####@#..<..########..
........@†......).........#
.##..#..##.......##..#.####
#. ##..##......###.# #
#..###.....# #.# ##.#
#.......... ## #.....⌠.⌠##.
#..#..._..#.. ......⌠.⌠..
..


You could see Jessica.

Vanquished Creatures
  An adder (D:2)
  A giant gecko (D:1)
  3 giant cockroaches (D:1)
  6 goblins (D:1)
  4 hobgoblins
  A quokka (D:2)
  3 bats (D:1)
  2 giant newts
  3 kobolds (D:1)
  4 rats
28 creatures vanquished.

Notes
Turn   | Place    | Note
--------------------------------------------------------------
     0 | D:1      | Monsterface the Gargoyle Venom Mage began the quest for the Orb.
     0 | D:1      | Reached XP level 1. HP: 10/10 MP: 3/3
   257 | D:1      | Reached XP level 2. HP: 13/15 MP: 1/5
   525 | D:1      | Reached XP level 3. HP: 17/19 MP: 3/6
   531 | D:1      | Learned a level 3 spell: Mephitic Cloud
   667 | D:2      | Found a sparkling altar of Nemelex Xobeh.
   696 | D:2      | Noticed Jessica
   709 | D:2      | Killed from afar by Jessica

Skill      XL: |  1  2  3 |
---------------+----------+-----
Dodging        | 2 |  2.1
Fighting       | |  0.2
Maces & Flails | |  0.4
Stealth        | |  2.3
Unarmed Combat | |  0.6
Spellcasting   | |  2.1
Conjurations   | |  0.4
Poison Magic   | |  4.4

Action                   || total
-------------------------++-------
Melee: Unarmed           ||    19
       Club              ||    58
 Cast: Sting             ||    32
  Use: Potion            ||     2
       Scroll            ||     1
 Stab: Sleeping          ||     2
  Eat: Fruit             ||     1
Armor: Robe              ||    38
Dodge: Dodged            ||    50
